 Dungeon Crawl Stone Soup version 0.18.1-48-g4cf74bf (webtiles) character file.

60587 nikopol the Severer (level 15, -2/134 HPs)
             Began as a Hill Orc Berserker on June 29, 2016.
             Was the Champion of Trog.
             Slain by a swamp worm (10 damage)
             ... on level 8 of the Lair of Beasts.
             The game lasted 01:26:03 (22959 turns).

nikopol the Severer (Hill Orc Berserker)           Turns: 22959, Time: 01:26:04

Health: -2/134     AC: 16    Str: 23    XL:     15   Next: 0%
Magic:  24/24      EV: 15    Int:  9    God:    Trog [******]
Gold:   1403       SH:  0    Dex: 14    Spells: 0 memorised, 14 levels left

rFire  . . .     SeeInvis .     x - +4 broad axe (elec)
rCold  . . .     Gourm    +     p - +1 scale mail "Weneqo Moaca" {+Fly MP+9 Int+2} (curse)
rNeg   . . .     Faith    .     (no shield)
rPois  .         Spirit   .     V - +2 hat
rElec  .         Dismiss  .     h - +1 cloak
rCorr  .         Reflect  .     d - +0 pair of gloves
SustAt +         Harm     .     (no boots)
MR     ++...                    D - amulet of the gourmand
Stlth  ..........               S - ring of sustain attributes
                                C - ring of protection from magic

@: very resistant to hostile enchantments, extremely unstealthy
A: no striking features
a: Berserk, Trog's Hand, Brothers in Arms, Burn Spellbooks, Renounce Religion,
Evoke Flight


You were on level 8 of the Lair of Beasts.
You worshipped Trog.
Trog was exalted by your worship.
You were very full.

You visited 2 branches of the dungeon, and saw 17 of its levels.
You also visited: Sewer.

You collected 1403 gold pieces.

Inventory:

Hand Weapons
 b - a +3 antimagic battleaxe
 c - a +1 shortbow
 t - a +2 longbow of evasion
 x - a +4 broad axe of electrocution (weapon)
 G - a +3 battleaxe of venom
 Y - the +9 shortbow of the Three Blessings {freeze, *Drain rF+ Str+6}
   (Trog gifted it to you on level 7 of the Lair of Beasts)

   It causes projectiles fired from it to freeze those they strike, causing
   extra injury to most foes and up to half again as much damage against
   particularly susceptible opponents.
   They can also slow down cold-blooded creatures.
   It affects your strength (+6).
   It protects you from fire.
   It causes draining when unequipped.
Missiles
 P - 233 arrows
Armour
 d - a +0 pair of gloves (worn)
 h - a +1 cloak (worn)
 p - the cursed +1 scale mail "Weneqo Moaca" (worn) {+Fly MP+9 Int+2}
   (You found it on level 5 of the Lair of Beasts)

   It affects your intelligence (+2).
   It affects your magic capacity (+9).
   It lets you fly.
   It has a curse placed upon it.
 V - a +2 hat (worn)
 X - a +7 plate armour of ponderousness
 Z - a +1 chain mail of poison resistance
Jewellery
 C - a ring of protection from magic (left hand)
 D - an amulet of the gourmand (around neck)
 J - an uncursed amulet of regeneration
 S - a ring of sustain attributes (right hand)
Wands
 n - a wand of teleportation (9/9)
 s - a wand of digging (10/24)
 z - a wand of hasting (5/9)
Scrolls
 a - 2 scrolls of enchant armour
 e - a scroll of identify
 j - 10 scrolls of teleportation
 m - 3 scrolls of blinking
 r - 8 scrolls of fog
 v - 7 scrolls of enchant weapon
 w - 5 scrolls of remove curse
 y - 2 scrolls of magic mapping
 A - 5 scrolls of recharging
 I - a scroll of vulnerability {unknown}
 R - 2 scrolls of fear
Potions
 f - 3 potions of resistance
 g - 7 potions of curing
 l - 5 potions of heal wounds
 o - a potion of magic
 u - 6 potions of brilliance
 F - a potion of invisibility
 H - 2 potions of agility
 K - 6 potions of cure mutation
 L - 5 potions of flight
 N - a potion of mutation {unknown}
 Q - 4 potions of might
 T - 2 potions of cancellation
 U - 2 potions of ambrosia
 W - 2 potions of berserk rage
Comestibles
 i - 22 beef jerkies
 k - 2 chunks of flesh
 q - 18 fruits
 B - 11 slices of pizza
 E - 7 meat rations
 M - 2 royal jellies
 O - 16 bread rations


   Skills:
 + Level 12.7 Fighting
 * Level 17.7 Axes
 * Level 11.0 Bows
 + Level 12.0 Armour
 + Level 9.2 Dodging


You had 14 spell levels left.
You didn't know any spells.

Dungeon Overview and Level Annotations

Branches:
Dungeon (9/15)             Temple (0/1) D:7            Lair (8/8) D:8
  Swamp (0/4) Lair:5        Snake (0/4) Lair:6        Slime (0/6) Lair:6
    Orc: D:9-12

Altars:
Ashenzari
Cheibriados
Dithmenos
Fedhas
Kikubaaqudgha
Makhleb
Okawaru
Pakellas
Qazlal
Ru
Trog
Yredelemnul
Zin
Jiyva

Shops:
D:8 %

Annotations:
Lair:3 exclusion: 4 oklob plants


Message History

A swamp worm bursts forth from the water.
A swamp worm bursts forth from the water.
The swamp worm barely misses you. The swamp worm bites you!
The swamp worm closely misses you. The swamp worm bites you!!
* * * LOW HITPOINT WARNING * * *
The swamp worm barely misses you. The swamp worm misses you.
The swamp worm bites you but does no damage.
The swamp worm bites you.
* * * LOW HITPOINT WARNING * * *
The swamp worm bites you.
* * * LOW HITPOINT WARNING * * *
The swamp worm bites you!
* * * LOW HITPOINT WARNING * * *
The swamp worm closely misses you.
The swamp worm bites you but does no damage.
The swamp worm closely misses you. The swamp worm completely misses you.
The swamp worm bites you!
* * * LOW HITPOINT WARNING * * *
The swamp worm bites you!
You die...

## ###.### ###≈≈...## ##
#≈≈≈.....##### ### #.# #
≈≈≈(≈≈≈...##.# ### #.###..###P≈
≈≈≈((≈≈≈≈....####.## #...PP.#..≈≈
#######≈≈≈...#....P#
.....P....≈≈##≈w≈≈≈#≈≈≈..........
..#..P.P..≈≈#$ww@≈≈≈≈≈≈≈......P..
.##P....P.≈≈##≈≈w≈≈#≈≈≈≈.........
.###.....#≈≈≈#######≈≈≈≈...P..P..
.##......≈.≈≈≈≈≈≈≈≈≈≈†......P.P..
.##....#.#...≈≈≈≈≈≈≈.............
..##.................P..........P
.......................####.P#...
###.....##....#.....P#...##..#P.#
...P....##...#.......#...P.......


You could see 4 swamp worms.

Vanquished Creatures
  Kirke (Lair:8)
  Erica (D:8)
  12 hydras
  4 death yaks (Lair:4)
  The ghost of Malvoorn the Thaumaturge, a novice DECj (D:9)
  Pikel (D:8)
  2 griffons
  9 elephants
  4 black mambas
  Maurice (D:8)
  10 spiny frogs
  3 rime drakes
  11 komodo dragons
  8 polar bears (Lair:8)
  A troll (D:9)
  5 raiju (Lair:8)
  26 blink frogs
  Sigmund (D:7)
  A wraith (D:9)
  34 yaks
  A human (D:7)
  2 wyverns
  3 basilisks
  6 hogs
  6 hippogriffs
  A steam dragon (Lair:4)
  5 wargs (Lair:8)
  Edmund (D:7)
  7 nagas (Lair:6)
  5 swamp worms (Lair:8)
  2 mottled dragons (Lair:8)
  Duvessa (D:4)
  15 water moccasins
  10 porcupines
  7 hell hounds
  2 sky beasts (D:7)
  4 orc warriors
  2 swamp drakes (Lair:8)
  14 black bears
  A necrophage (D:5)
  A wasp (D:9)
  An ogre (D:8)
  36 wolves
  2 phantoms (D:9)
  2 centaurs
  19 crocodiles
  15 giant frogs
  Dowan (D:4)
  2 scorpions
  5 killer bees (D:7)
  2 electric eels
  3 howler monkeys
  3 crimson imps
  A centaur zombie (D:6)
  A giant frog zombie (D:9)
  15 hounds
  4 jellies
  6 orc wizards
  Crazy Yiuf (D:2)
  7 orc priests
  4 centaur skeletons
  3 giant frog skeletons
  12 iguanas
  4 worker ants
  30 sheep
  A hound skeleton (D:8)
  A hound zombie (D:7)
  Robin (D:4)
  5 gnolls
  9 adders
  106 river rats
  A shadow imp (D:9)
  4 oozes
  14 worms
  3 dart slugs
  2 giant geckos (D:5)
  47 orcs
  9 bats
  7 giant cockroaches
  10 hobgoblins
  9 jackals
  7 kobolds
  2 quokkas (D:2)
  11 ball pythons
  7 giant newts
  14 goblins
  A jackal skeleton (D:7)
  3 quokka skeletons
  38 rats
  12 fungi
  4 plants
739 creatures vanquished.

Vanquished Creatures (collateral kills)
  5 death yaks (Lair:4)
  A porcupine (Lair:4)
6 creatures vanquished.

Vanquished Creatures (others)
  A human (Lair:8)
  A wolf (Lair:8)
  An iguana (D:5)
  59 fungi
  41 plants
103 creatures vanquished.

Grand Total: 848 creatures vanquished

Notes
Turn   | Place    | Note
--------------------------------------------------------------
     0 | D:1      | nikopol the Hill Orc Berserker began the quest for the Orb.
     0 | D:1      | Reached XP level 1. HP: 19/19 MP: 1/1
   149 | D:1      | Reached XP level 2. HP: 26/27 MP: 2/2
   660 | D:1      | Reached XP level 3. HP: 25/33 MP: 3/3
   666 | D:1      | Reached ** piety under Trog
  1525 | D:2      | Found a burning altar of Makhleb.
  1531 | D:2      | Found a glowing silver altar of Zin.
  1531 | D:2      | Noticed a cacodemon
  1531 | D:2      | Noticed an angel
  1608 | D:2      | Reached XP level 4. HP: 40/40 MP: 4/4
  1985 | D:2      | Noticed Crazy Yiuf
  1994 | D:2      | HP: 3/60 [poisoned by Crazy Yiuf]
  1996 | D:2      | Killed Crazy Yiuf
  1999 | D:2      | HP: 2/61 [poisoned by Crazy Yiuf]
  2241 | D:3      | Found a shattered altar of Ashenzari.
  2361 | D:3      | Reached skill level 5 in Axes
  2531 | D:3      | Reached XP level 5. HP: 47/47 MP: 5/5
  2748 | D:3      | Found a faded altar to an unknown god.
  2952 | D:4      | Reached XP level 6. HP: 36/55 MP: 6/6
  3087 | D:4      | Noticed Duvessa
  3087 | D:4      | Noticed Dowan
  3099 | D:4      | Killed Duvessa
  3099 | D:4      | Reached skill level 5 in Fighting
  3099 | D:4      | Killed Dowan
  3281 | D:4      | Reached *** piety under Trog
  3281 | D:4      | Reached skill level 6 in Axes
  3281 | D:4      | Reached XP level 7. HP: 61/61 MP: 7/7
  3582 | D:4      | Noticed Robin
  3590 | D:4      | Killed Robin
  3590 | D:4      | Reached skill level 5 in Armour
  3817 | D:5      | Entered Level 5 of the Dungeon
  3864 | D:5      | Reached XP level 8. HP: 51/68 MP: 8/8
  4043 | D:5      | Found an iron altar of Okawaru.
  4044 | D:5      | Found a bloodstained altar of Trog.
  4071 | D:5      | Reached skill level 7 in Axes
  4717 | D:5      | Found a shadowy altar of Dithmenos.
  4775 | D:5      | Found an oddly glowing altar of Pakellas.
  4775 | D:5      | Noticed an orange crystal statue
  4809 | D:5      | Reached **** piety under Trog
  4926 | D:5      | Found a blossoming altar of Fedhas.
  5079 | D:5      | Reached skill level 1 in Bows
  5363 | D:6      | Received a gift from Trog
  5394 | D:6      | Found a glowing drain.
  5405 | Sewer    | Entered a sewer
  5515 | Sewer    | Reached skill level 8 in Axes
  5806 | Sewer    | Reached ***** piety under Trog
  5831 | Sewer    | Reached XP level 9. HP: 66/77 MP: 9/9
  6940 | D:7      | Found a staircase to the Ecumenical Temple.
  7123 | D:7      | Reached skill level 5 in Dodging
  7125 | D:7      | Reached skill level 9 in Axes
  7573 | D:7      | Received a gift from Trog
  7662 | D:7      | Noticed Sigmund
  7666 | D:7      | Killed Sigmund
  7693 | D:7      | Noticed Edmund
  7702 | D:7      | Killed Edmund
  7858 | D:7      | Found a basalt altar of Yredelemnul.
  7858 | D:7      | Found an ancient bone altar of Kikubaaqudgha.
  7859 | D:7      | Found a sacrificial altar of Ru.
  8077 | D:7      | Reached XP level 10. HP: 74/86 MP: 10/10
  8208 | D:8      | Noticed Erica
  8210 | D:8      | Received a gift from Trog
  8210 | D:8      | Reached skill level 10 in Axes
  8250 | D:8      | Killed Erica
  8250 | D:8      | Reached skill level 5 in Bows
  8339 | D:8      | Found a staircase to the Lair.
  8565 | D:8      | Noticed a four-headed hydra
  8575 | D:8      | Killed a 12-headed hydra
  8575 | D:8      | Reached skill level 11 in Axes
  8697 | D:8      | Noticed Pikel
  8698 | D:8      | Noticed Maurice
  8725 | D:8      | Killed Pikel
  8784 | D:8      | Killed Maurice
  8792 | D:8      | Found a snail-covered altar of Cheibriados.
  8875 | D:8      | Found a stormy altar of Qazlal.
  8876 | D:8      | Found an oddly glowing altar of Pakellas.
  8891 | D:8      | Found Cukony's Food Boutique.
  9125 | D:9      | Reached XP level 11. HP: 43/93 MP: 3/11
  9383 | D:9      | Noticed Malvoorn's ghost (novice DECj)
  9406 | D:9      | Killed Malvoorn's ghost
  9878 | D:9      | Reached skill level 12 in Axes
 10196 | Lair:1   | Entered Level 1 of the Lair of Beasts
 10365 | Lair:1   | Received a gift from Trog
 10615 | Lair:1   | Noticed a four-headed hydra
 10627 | Lair:1   | Killed a ten-headed hydra
 11036 | Lair:1   | Reached skill level 10 in Fighting
 11036 | Lair:1   | Reached skill level 13 in Axes
 11036 | Lair:1   | Reached XP level 12. HP: 67/104 MP: 12/12
 11221 | Lair:1   | Noticed a seven-headed hydra
 11238 | Lair:1   | Killed a 14-headed hydra
 12426 | Lair:2   | Received a gift from Trog
 12608 | Lair:3   | Received a gift from Trog
 12673 | Lair:3   | Noticed a seven-headed hydra
 12683 | Lair:3   | Killed an 11-headed hydra
 12888 | Lair:3   | Reached skill level 14 in Axes
 13911 | Lair:3   | Noticed an eight-headed hydra
 13925 | Lair:3   | Killed a 13-headed hydra
 14031 | Lair:3   | Received a gift from Trog
 14461 | Lair:4   | You fall through a shaft!
 14480 | Lair:5   | Reached skill level 10 in Armour
 14576 | Lair:5   | Received a gift from Trog
 14597 | Lair:5   | Found a staircase to the Swamp.
 14618 | Lair:4   | Reached ****** piety under Trog
 14685 | Lair:4   | Noticed a death yak
 14686 | Lair:4   | Noticed a death yak
 14686 | Lair:4   | Noticed a death yak
 14686 | Lair:4   | Noticed a death yak
 14687 | Lair:4   | Noticed a death yak
 14687 | Lair:4   | Noticed a death yak
 14697 | Lair:4   | Killed a death yak
 14697 | Lair:4   | Reached XP level 13. HP: 54/115 MP: 13/13
 14704 | Lair:4   | HP: 5/115 [death yak (15)]
 14912 | Lair:4   | Reached skill level 15 in Axes
 16114 | Lair:5   | Got a faintly glowing scale mail
 16125 | Lair:5   | Identified the cursed +1 scale mail "Weneqo Moaca" {+Fly MP+9 Int+2} (You found it on level 5 of the Lair of Beasts)
 16378 | Lair:5   | Received a gift from Trog
 16748 | Lair:6   | Found a staircase to the Slime Pits.
 16748 | Lair:6   | Found a viscous altar of Jiyva.
 17248 | Lair:6   | Reached skill level 16 in Axes
 17374 | Lair:6   | Reached skill level 10 in Bows
 17616 | Lair:6   | Found a staircase to the Snake Pit.
 17952 | Lair:7   | Reached XP level 14. HP: 110/125 MP: 14/14
 18559 | Lair:7   | Received a gift from Trog
 18567 | Lair:7   | Got a pitted shortbow {god gift}
 18568 | Lair:7   | Identified the +9 shortbow of the Three Blessings {freeze, *Drain rF+ Str+6} (Trog gifted it to you on level 7 of the Lair of Beasts)
 19311 | Lair:8   | Entered Level 8 of the Lair of Beasts
 19311 | Lair:8   | Noticed Kirke
 19529 | Lair:8   | Killed Kirke
 20006 | Lair:8   | Received a gift from Trog
 20006 | Lair:8   | Reached skill level 17 in Axes
 20225 | Lair:8   | Received a gift from Trog
 20473 | Lair:8   | Received a gift from Trog
 20819 | Lair:8   | Received a gift from Trog
 21471 | Lair:8   | Received a gift from Trog
 22735 | Lair:8   | HP: 6/190 [swamp worm (16)]
 22752 | Lair:8   | HP: 3/127 [komodo dragon (6)]
 22943 | Lair:8   | Reached XP level 15. HP: 86/134 MP: 15/15
 22959 | Lair:8   | Slain by a swamp worm

Skill      XL: |  1  2  3  4  5  6  7  8  9 10 11 12 13 14 |
---------------+-------------------------------------------+-----
Dodging        | 2 3 4 5 6 7 8 9 |  9.2
Fighting       | 4 5 6 7 8 10 11 12 | 12.7
Armour         | 3 4 5 6 7 9 10 11 12 | 12.0
Axes           | 5 6 8 9 11 13 14 16 17 | 17.7
Bows           | 2 4 6 8 9 10 11 | 11.0

Action                   |  1- 3 |  4- 6 |  7- 9 | 10-12 | 13-15 || total
-------------------------+-------+-------+-------+-------+-------++-------
Melee: Hand axe          |   142 |   134 |   415 |    38 |       ||   729
       Battleaxe         |       |       |       |    97 |       ||    97
       Shortbow          |       |       |       |     2 |       ||     2
       Broad axe         |       |       |       |   277 |   618 ||   895
 Fire: Shortbow          |       |       |   194 |   491 |   523 ||  1208
       Longbow           |       |       |       |       |     3 ||     3
Throw: Javelin           |     4 |       |       |       |       ||     4
Invok: Berserk           |       |     5 |     4 |    11 |     7 ||    27
       Trog's Hand       |       |     1 |       |     1 |       ||     2
       Burn Spellbooks   |       |       |     1 |     2 |       ||     3
       Brothers in Arms  |       |       |       |       |     1 ||     1
  Use: Scroll            |       |       |    11 |    12 |    12 ||    35
       Potion            |       |       |       |     1 |     2 ||     3
  Eat: Chunk             |     2 |    10 |    21 |    32 |    51 ||   116
       Beef jerky        |       |       |       |       |     1 ||     1
Armor: Animal skin       |    17 |       |       |       |       ||    17
       Scale mail        |    15 |    40 |   155 |   200 |   264 ||   674
       Ring mail         |     5 |       |       |       |       ||     5
Dodge: Dodged            |    74 |    63 |   256 |   315 |   477 ||  1185
